General information
- name: BNet
- type: Ladder team game (AT/RT)
- host: Battle.net
- saver: Gobiner
map: RiverOfSouls
- players: 6
- length: 67:49
- speed: Fast
- version: 1.21 W3XP
- replay type: Public
» download(413 KB)
Players
team 1 (loser)
cBs.Ryder (
blue | 46 APM | 2725 actions | 58:37)
4 Pandaren Brewmaster
2 Breath of Fire
2 Drunken Haze
» actions
| Assign group hotkey | 16 | |
| Basic commands | 25 | |
| Build / train | 36 | |
| Enter build submenu | 18 | |
| Enter hero's abilities submenu | 4 | |
| Give item / drop item | 1 | |
| Remove unit from queue | 1 | |
| Right click | 925 | |
| Select / deselect | 463 | |
| Select group hotkey | 1126 | |
| Use ability | 109 | |
2725 total
» units
» upgrades
| Strength of the Moon | 1 | |
| Ultravision | 1 | |
2 total
» buildings
| Altar of Elders | 2 | |
| Moon Well | 8 | |
| Ancient of Wonders | 1 | |
| Tree of Life | 2 | |
| Ancient of War | 2 | |
| Hunter's Hall | 1 | |
16 total
» build order
00:06 Altar of Elders
00:18 Moon Well
05:34 Ancient of Wonders
13:53 Tree of Life
14:31 Ancient of War
14:32 Ancient of War
15:42 Moon Well
15:43 Moon Well
15:47 Moon Well
16:45 Hunter's Hall
19:44 Moon Well
27:13 Tree of Life
33:27 Moon Well
33:28 Moon Well
36:40 Altar of Elders
38:11 Moon Well
» items
| Rod of Necromancy | 1 | |
| Potion of Healing | 1 | |
| Boots of Speed | 1 | |
| Lesser Clarity Potion | 1 | |
| Staff of Teleportation | 1 | |
| Orb of Corruption | 1 | |
6 total
dark_gorillaz- (
teal | 86 APM | 5823 actions | 67:46)
5 Death Knight
3 Death Coil
2 Unholy Aura
5 Lich
3 Frost Nova
2 Dark Ritual
» actions
| Assign group hotkey | 51 | |
| Basic commands | 32 | |
| Build / train | 67 | |
| ESC pressed | 4 | |
| Enter build submenu | 21 | |
| Enter hero's abilities submenu | 10 | |
| Give item / drop item | 7 | |
| Right click | 2218 | |
| Select / deselect | 578 | |
| Select group hotkey | 2708 | |
| Use ability | 127 | |
5823 total
» units
| Acolyte | 2 | |
| Ghoul | 2 | |
| Crypt Fiend | 11 | |
| Frost Wyrm | 16 | |
| Obsidian Statue | 1 | |
32 total
» upgrades
| Burrow | 1 | |
| Web | 1 | |
| Freezing Breath | 1 | |
| Creature Attack | 3 | |
| Destroyer Form | 1 | |
7 total
» buildings
| Halls of the Dead | 1 | |
| Graveyard | 1 | |
| Crypt | 4 | |
| Ziggurat | 9 | |
| Altar of Darkness | 1 | |
| Tomb of Relics | 1 | |
| Black Citadel | 1 | |
| Sacrificial Pit | 1 | |
| Boneyard | 3 | |
| Spirit Tower | 1 | |
| Slaughterhouse | 1 | |
24 total
» build order
00:35 Halls of the Dead
00:41 Graveyard
00:45 Crypt
00:48 Ziggurat
01:10 Altar of Darkness
01:28 Ziggurat
01:45 Crypt
01:49 Crypt
01:51 Crypt
01:52 Ziggurat
02:24 Ziggurat
02:34 Tomb of Relics
03:15 Black Citadel
03:47 Ziggurat
03:50 Sacrificial Pit
05:39 Boneyard
05:42 Boneyard
05:57 Ziggurat
06:33 Ziggurat
06:36 Boneyard
07:30 Spirit Tower
09:24 Ziggurat
09:24 Ziggurat
13:16 Slaughterhouse
» items
| Rod of Necromancy | 1 | |
| Potion of Healing | 4 | |
| Orb of Corruption | 1 | |
| Scroll of Healing | 2 | |
| Scroll of Town Portal | 5 | |
13 total
HmMoKU (
orange | 49 APM | 3304 actions | 67:07)
7 Pandaren Brewmaster
3 Breath of Fire
1 Drunken Haze
2 Drunken Brawler
1 Storm Earth and Fire
» actions
| Assign group hotkey | 106 | |
| Basic commands | 158 | |
| Build / train | 112 | |
| Enter build submenu | 38 | |
| Enter hero's abilities submenu | 8 | |
| Give item / drop item | 2 | |
| Remove unit from queue | 13 | |
| Right click | 1749 | |
| Select / deselect | 569 | |
| Select group hotkey | 408 | |
| Use ability | 141 | |
3304 total
» units
| Wisp | 37 | |
| Huntress | -2 | |
| Druid of the Claw | 7 | |
| Glaive Thrower | 5 | |
| Dryad | 11 | |
| Chimaera | 5 | |
| Druid of the Talon | 1 | |
64 total
» upgrades
| Druid of the Claw Training | 2 | |
| Mark of the Claw | 1 | |
| Reinforced Hides | 3 | |
| Vorpal Blades | 1 | |
| Strength of the Moon | 1 | |
| Nature's Blessing | 2 | |
| Strength of the Wild | 3 | |
| Corrosive Breath | 1 | |
| Druid of the Talon Training | 2 | |
16 total
» buildings
| Altar of Elders | 1 | |
| Moon Well | 12 | |
| Ancient of War | 2 | |
| Hunter's Hall | 2 | |
| Tree of Ages | 1 | |
| Ancient of Lore | 3 | |
| Tree of Eternity | 1 | |
| Ancient of Wind | 2 | |
| Tree of Life | 3 | |
| Ancient Protector | 3 | |
| Ancient of Wonders | 1 | |
| Chimaera Roost | 2 | |
33 total
» build order
00:06 Altar of Elders
00:20 Moon Well
03:44 Ancient of War
03:47 Hunter's Hall
03:50 Ancient of War
04:00 Moon Well
04:03 Moon Well
05:41 Tree of Ages
08:21 Ancient of Lore
08:24 Ancient of Lore
08:27 Tree of Eternity
08:31 Ancient of Wind
08:35 Ancient of Lore
09:00 Moon Well
12:30 Tree of Life
13:18 Moon Well
13:23 Tree of Life
18:24 Ancient Protector
18:25 Ancient Protector
18:31 Ancient of Wonders
20:21 Moon Well
20:37 Ancient Protector
35:20 Ancient of Wind
36:36 Chimaera Roost
36:56 Chimaera Roost
38:01 Moon Well
38:46 Moon Well
39:18 Hunter's Hall
39:52 Moon Well
42:21 Moon Well
44:00 Moon Well
44:13 Moon Well
44:44 Tree of Life
» items
| Boots of Speed | 1 | |
| Scroll of Town Portal | 3 | |
| Potion of Invisibility | 2 | |
| Potion of Lesser Invulnerability | 3 | |
| Scroll of Healing | 1 | |
10 total
team 2 (winner)
Gobiner (
purple | 43 APM | 2897 actions | 67:49)
4 Pandaren Brewmaster
2 Breath of Fire
2 Drunken Brawler
5 Tauren Chieftain
3 Shockwave
2 Endurance Aura
» actions
| Assign group hotkey | 88 | |
| Basic commands | 13 | |
| Build / train | 43 | |
| ESC pressed | 4 | |
| Enter build submenu | 35 | |
| Enter hero's abilities submenu | 9 | |
| Give item / drop item | 6 | |
| Right click | 1461 | |
| Select / deselect | 398 | |
| Select group hotkey | 629 | |
| Use ability | 211 | |
2897 total
» units
» buildings
| Altar of Storms | 2 | |
| Orc Burrow | 4 | |
| War Mill | 1 | |
| Watch Tower | 24 | |
| Stronghold | 1 | |
| Voodoo Lounge | 1 | |
33 total
» build order
00:08 Altar of Storms
00:17 Orc Burrow
00:28 War Mill
01:55 Watch Tower
02:01 Watch Tower
02:44 Orc Burrow
02:49 Watch Tower
03:16 Watch Tower
03:32 Watch Tower
03:45 Watch Tower
03:54 Watch Tower
04:53 Stronghold
05:05 Watch Tower
05:12 Watch Tower
05:58 Watch Tower
05:59 Watch Tower
06:02 Watch Tower
06:05 Watch Tower
06:18 Watch Tower
07:23 Watch Tower
07:26 Watch Tower
07:28 Watch Tower
07:35 Watch Tower
07:40 Watch Tower
08:41 Voodoo Lounge
09:15 Watch Tower
09:17 Watch Tower
09:29 Watch Tower
09:31 Watch Tower
11:03 Watch Tower
23:22 Altar of Storms
23:26 Orc Burrow
24:28 Orc Burrow
» items
| Boots of Speed | 2 | |
| Staff of Teleportation | 2 | |
| Potion of Lesser Invulnerability | 1 | |
| Healing Salve | 1 | |
| Lesser Clarity Potion | 1 | |
| Orb of Lightning | 2 | |
| Staff of Sanctuary | 2 | |
11 total
GobinersElf (
yellow | 83 APM | 5624 actions | 67:47)
4 Pandaren Brewmaster
2 Breath of Fire
1 Drunken Haze
1 Drunken Brawler
4 Mountain King
2 Storm Bolt
2 Bash
» actions
| Assign group hotkey | 25 | |
| Basic commands | 46 | |
| Build / train | 95 | |
| ESC pressed | 7 | |
| Enter build submenu | 64 | |
| Enter hero's abilities submenu | 8 | |
| Give item / drop item | 3 | |
| Remove unit from queue | 1 | |
| Right click | 2962 | |
| Select / deselect | 631 | |
| Select group hotkey | 1467 | |
| Use ability | 315 | |
5624 total
» units
| Peasant | 17 | |
| Dragonhawk Rider | 6 | |
| Priest | 2 | |
| Sorceress | 2 | |
27 total
» upgrades
| Masonry | 3 | |
| Lumber Harvesting | 1 | |
| Magic Sentry | 1 | |
| Sorceress Training | 2 | |
| Priest Training | 2 | |
| Animal War Training | 1 | |
10 total
» buildings
| Altar of Kings | 1 | |
| Scout Tower | 55 | |
| Farm | 8 | |
| Arcane Tower | 10 | |
| Lumber Mill | 1 | |
| Guard Tower | 25 | |
| Keep | 1 | |
| Arcane Vault | 1 | |
| Gryphon Aviary | 2 | |
| Arcane Sanctum | 1 | |
| Castle | 1 | |
| Blacksmith | 1 | |
| Barracks | 1 | |
| Town Hall | 1 | |
109 total
» build order
00:09 Altar of Kings
00:34 Scout Tower
00:38 Farm
01:04 Arcane Tower
01:09 Lumber Mill
01:54 Scout Tower
02:48 Farm
02:53 Farm
02:54 Guard Tower
02:55 Scout Tower
02:57 Scout Tower
03:23 Guard Tower
03:24 Scout Tower
03:32 Arcane Tower
03:33 Scout Tower
04:19 Guard Tower
04:20 Guard Tower
04:52 Keep
04:53 Scout Tower
05:07 Scout Tower
05:27 Guard Tower
05:34 Scout Tower
05:34 Scout Tower
05:37 Scout Tower
05:48 Guard Tower
05:51 Scout Tower
05:52 Scout Tower
05:53 Scout Tower
06:13 Farm
06:14 Farm
06:18 Guard Tower
06:32 Scout Tower
06:35 Scout Tower
06:51 Farm
06:56 Arcane Vault
07:14 Gryphon Aviary
07:16 Gryphon Aviary
07:39 Arcane Tower
07:41 Guard Tower
07:43 Scout Tower
07:45 Scout Tower
08:29 Arcane Tower
08:53 Guard Tower
09:48 Farm
11:30 Scout Tower
11:31 Scout Tower
11:34 Scout Tower
11:34 Scout Tower
11:43 Arcane Sanctum
12:09 Guard Tower
12:30 Scout Tower
12:37 Arcane Tower
12:40 Scout Tower
12:43 Scout Tower
12:49 Farm
12:59 Guard Tower
13:01 Scout Tower
13:14 Guard Tower
13:17 Scout Tower
13:24 Guard Tower
14:06 Guard Tower
14:24 Scout Tower
14:25 Scout Tower
14:26 Scout Tower
14:26 Scout Tower
14:27 Guard Tower
15:53 Guard Tower
16:34 Castle
17:21 Scout Tower
17:22 Scout Tower
17:24 Scout Tower
18:22 Guard Tower
18:25 Scout Tower
18:26 Scout Tower
18:55 Guard Tower
19:20 Arcane Tower
19:25 Scout Tower
19:26 Scout Tower
19:42 Blacksmith
19:44 Barracks
20:08 Guard Tower
20:36 Scout Tower
20:37 Scout Tower
21:26 Guard Tower
24:45 Scout Tower
24:46 Scout Tower
24:47 Scout Tower
25:02 Scout Tower
25:06 Scout Tower
25:10 Scout Tower
25:10 Scout Tower
26:20 Guard Tower
26:33 Arcane Tower
26:48 Guard Tower
65:35 Scout Tower
65:37 Scout Tower
65:41 Scout Tower
65:44 Scout Tower
66:03 Arcane Tower
66:11 Town Hall
66:12 Guard Tower
66:17 Scout Tower
66:20 Scout Tower
66:22 Scout Tower
66:26 Scout Tower
66:43 Arcane Tower
66:48 Guard Tower
67:16 Arcane Tower
67:17 Guard Tower
» items
| Staff of Teleportation | 2 | |
| Boots of Speed | 2 | |
| Potion of Healing | 1 | |
| Lesser Clarity Potion | 1 | |
| Orb of Lightning | 1 | |
| Staff of Sanctuary | 2 | |
9 total
LemmeSmellYoDic (
green | 115 APM | 7790 actions | 67:47)
4 Pandaren Brewmaster
2 Breath of Fire
2 Drunken Haze
5 Tauren Chieftain
3 Shockwave
2 Endurance Aura
» actions
| Assign group hotkey | 11 | |
| Basic commands | 50 | |
| Build / train | 101 | |
| ESC pressed | 2 | |
| Enter build submenu | 36 | |
| Enter hero's abilities submenu | 9 | |
| Give item / drop item | 1 | |
| Remove unit from queue | 1 | |
| Right click | 3868 | |
| Select / deselect | 549 | |
| Select group hotkey | 2914 | |
| Use ability | 248 | |
7790 total
» units
» upgrades
| Reinforced Defenses | 1 | |
| Ranged Weapons | 3 | |
| Spiked Barricades | 2 | |
| Liquid Fire | 1 | |
| Armor | 1 | |
8 total
» buildings
| Altar of Storms | 1 | |
| Orc Burrow | 4 | |
| War Mill | 1 | |
| Watch Tower | 22 | |
| Stronghold | 3 | |
| Voodoo Lounge | 1 | |
| Fortress | 2 | |
| Beastiary | 2 | |
| Great Hall | 2 | |
38 total
» build order
00:07 Altar of Storms
00:16 Orc Burrow
00:56 War Mill
01:54 Orc Burrow
02:21 Watch Tower
02:52 Watch Tower
03:28 Watch Tower
03:32 Watch Tower
03:53 Watch Tower
04:38 Stronghold
04:39 Stronghold
05:06 Watch Tower
05:06 Watch Tower
05:07 Watch Tower
05:10 Voodoo Lounge
05:15 Watch Tower
06:22 Watch Tower
06:23 Watch Tower
06:25 Watch Tower
06:29 Orc Burrow
06:32 Watch Tower
06:34 Watch Tower
08:07 Fortress
08:08 Fortress
08:33 Orc Burrow
08:54 Watch Tower
10:59 Beastiary
12:50 Beastiary
13:30 Watch Tower
13:31 Watch Tower
15:40 Watch Tower
48:35 Great Hall
53:14 Great Hall
66:46 Watch Tower
66:47 Watch Tower
66:49 Watch Tower
66:55 Watch Tower
» items
| Boots of Speed | 2 | |
| Staff of Teleportation | 2 | |
| Lesser Clarity Potion | 11 | |
| Healing Salve | 8 | |
| Potion of Healing | 4 | |
| Potion of Mana | 3 | |
| Orb of Lightning | 2 | |
| Scroll of Speed | 1 | |
| Circlet of Nobility | 1 | |
| Staff of Sanctuary | 2 | |
36 total
Chat log
(00:17 / Allies) GobinersElf: wish we did this earlier
(00:23 / Allies) Gobiner: GARG FEED
(00:28 / Allies) GobinersElf: was it?
(00:30 / Allies) GobinersElf: f u k
(00:30 / Allies) LemmeSmellYoDic: send a militia now
(00:32 / Allies) Gobiner: ne ne ud
(00:51 / Allies) LemmeSmellYoDic: if it is should we get pandas???? ? ? ?
(00:59 / Allies) GobinersElf: i guess so
(01:03 / Allies) LemmeSmellYoDic: idk
(01:06 / Allies) LemmeSmellYoDic: am is probobly fine still for u
(01:27 / Allies) GobinersElf: yep
(01:34 / All) GobinersElf: garg feed is a creative start
(01:36 / Allies) LemmeSmellYoDic: send a peon gob
(01:38 / Allies) LemmeSmellYoDic: get a panda
(01:57 / All) cBs.Ryder: we do enjoy being original
(02:01 / Allies) GobinersElf: share
(02:03 / Allies) LemmeSmellYoDic: tower maijns
(02:04 / All) dark_gorillaz-: i dont care what u have to say
(02:22 / Allies) GobinersElf: im a noob and my hero will be late if i dont get a panda
(02:49 / Allies) LemmeSmellYoDic: tower mains a tonnnn
(03:14 / Allies) GobinersElf: n i c e
(03:52 / Allies) GobinersElf: kill imo
(03:55 / Allies) GobinersElf: 200hp
(04:11 / Allies) GobinersElf: breat
(04:16 / Allies) GobinersElf: ugh
(04:20 / Allies) LemmeSmellYoDic: fiends
(04:25 / Allies) LemmeSmellYoDic: lvl 1 dk
(04:26 / Allies) LemmeSmellYoDic: pro
(04:32 / Allies) GobinersElf: tier 2 though
(05:00 / Allies) GobinersElf: try for chokes again?
(05:04 / Allies) LemmeSmellYoDic: ya
(05:21 / Allies) GobinersElf: calling garg feed seems to get people to swap pretty often
(05:46 / Allies) GobinersElf: k
(06:40 / Allies) GobinersElf: yah
(06:46 / Allies) GobinersElf: we are fairly safe from it
(06:48 / Allies) GobinersElf: sure
(07:36 / Allies) GobinersElf: yeah
(08:02 / Allies) GobinersElf: iios
(08:43 / Allies) GobinersElf: dual avaries rdy but no gold just now
(08:45 / Allies) GobinersElf: if needed feed
(08:48 / Allies) GobinersElf: but not yet
(08:57 / Allies) GobinersElf: wyrm
(08:59 / Allies) GobinersElf: sighted
(09:09 / Allies) GobinersElf: a few wyrms
(09:15 / Allies) GobinersElf: no
(09:17 / Allies) GobinersElf: come
(09:32 / Allies) GobinersElf: gold for hawks
(13:35 / Allies) LemmeSmellYoDic: fuck
(13:36 / Allies) LemmeSmellYoDic: off
(14:21 / Allies) GobinersElf: woot
(14:56 / Allies) GobinersElf: yteah'
(15:12 / Allies) Gobiner: gold prease
(16:00 / Allies) LemmeSmellYoDic: ud is cumming
(16:03 / Allies) GobinersElf: yeah
(16:15 / Allies) GobinersElf: good
(16:16 / Allies) GobinersElf: result
(16:59 / Allies) LemmeSmellYoDic: control for invis
(17:04 / Allies) GobinersElf: dont have sorcs
(17:08 / Allies) LemmeSmellYoDic: 1ce u do
(17:11 / Allies) LemmeSmellYoDic: sweet
(17:40 / Allies) GobinersElf: the ud
(18:13 / Allies) GobinersElf: fukc htat
(18:30 / Allies) GobinersElf: siege
(18:34 / Allies) GobinersElf: ugh'
(18:34 / Allies) LemmeSmellYoDic: oh jesus
(18:44 / All) Gobiner: so wat u need to do is lemme smell yo dick
(18:50 / Allies) GobinersElf: oh well your aoe will deal with it ok
(19:38 / Allies) GobinersElf: t t
(20:14 / Allies) LemmeSmellYoDic: scan
(20:42 / Allies) LemmeSmellYoDic: fight
(20:52 / Allies) LemmeSmellYoDic: urgh
(22:07 / Allies) LemmeSmellYoDic: gg bats
(22:33 / Allies) LemmeSmellYoDic: cant birds rape those yads
(22:34 / Allies) LemmeSmellYoDic: if hes still alone
(22:57 / Allies) Gobiner: gold me for revive plz
(24:17 / Allies) GobinersElf: they just got o w n e d
(24:20 / Allies) Gobiner: still need gold :(
(24:29 / Allies) GobinersElf: 9k
(24:35 / Allies) GobinersElf: we need imo
(25:16 / Allies) GobinersElf: real gay
(25:23 / Allies) LemmeSmellYoDic: go
(25:24 / Allies) LemmeSmellYoDic: all
(25:26 / Allies) Gobiner: 150g for revive
(26:13 / Allies) LemmeSmellYoDic: b
(26:35 / Allies) GobinersElf: cant
(26:35 / Allies) GobinersElf: yet
(26:59 / Allies) GobinersElf: c l e a r
(27:06 / Allies) LemmeSmellYoDic: where be the ud
(27:13 / Allies) Gobiner: smellin yo dick
(28:07 / Allies) GobinersElf: this bit isnt v. fortifiend
(28:10 / Allies) GobinersElf: fortified
(28:13 / Allies) LemmeSmellYoDic: they dont have alot imo
(28:21 / Allies) GobinersElf: its a bit
(28:45 / Allies) LemmeSmellYoDic: long range
(28:49 / Allies) LemmeSmellYoDic: scan
(28:59 / Allies) LemmeSmellYoDic: omw
(29:02 / Allies) LemmeSmellYoDic: i can cancel ez
(29:05 / Allies) LemmeSmellYoDic: fuck
(29:07 / Allies) GobinersElf: and
(29:09 / Allies) GobinersElf: ug
(29:13 / Allies) LemmeSmellYoDic: good
(29:26 / Allies) GobinersElf: nice
(29:28 / Allies) GobinersElf: no cance;
(29:34 / Allies) LemmeSmellYoDic: yeah omw
(29:35 / Allies) LemmeSmellYoDic: scan
(30:01 / Allies) GobinersElf: nice
(30:06 / Allies) GobinersElf: aol was here
(30:08 / Allies) GobinersElf: lore
(30:09 / Allies) GobinersElf: not life
(31:13 / Allies) LemmeSmellYoDic: fuk
(32:06 / Allies) LemmeSmellYoDic: omw
(32:21 / Allies) Gobiner: 232g tia
(32:59 / Allies) LemmeSmellYoDic: gg
(33:56 / Allies) GobinersElf: niceeeee
(34:45 / Allies) LemmeSmellYoDic: ?
(35:03 / Allies) GobinersElf: fuck off lag
(35:37 / Allies) GobinersElf: a of wind
(35:48 / Allies) GobinersElf: chimz
(35:55 / Allies) GobinersElf: go 4 it imo
(35:59 / Allies) LemmeSmellYoDic: gonna rape the wells
(36:05 / Allies) GobinersElf: oh a shade
(36:14 / Allies) Gobiner: 45g
(36:48 / Allies) LemmeSmellYoDic: ?
(37:03 / Allies) GobinersElf: dead shade but dont try for it yet
(37:16 / Allies) GobinersElf: we can harrass those fiends ez
(37:22 / Allies) LemmeSmellYoDic: i need staf
(37:27 / Allies) LemmeSmellYoDic: on teh panda
(37:30 / Allies) LemmeSmellYoDic: scan
(38:08 / Allies) GobinersElf: chimz
(38:12 / Allies) LemmeSmellYoDic: no wells
(38:16 / Allies) GobinersElf: n i c e
(38:29 / Allies) GobinersElf: tt
(38:39 / Allies) LemmeSmellYoDic: aya
(38:40 / Allies) GobinersElf: gob
(38:57 / Allies) GobinersElf: imo we can fuck upp all these fiends
(39:05 / Allies) LemmeSmellYoDic: wyrms scare me.
(39:15 / Allies) LemmeSmellYoDic: but if we all go
(39:16 / Allies) LemmeSmellYoDic: yeah
(39:18 / Allies) LemmeSmellYoDic: tons of aoe atm
(39:35 / Allies) LemmeSmellYoDic: meet
(39:49 / Allies) GobinersElf: getting decent gold from this mining
(40:07 / Allies) Gobiner: 3/4 3/4
(40:11 / Allies) GobinersElf: invisi sorc
(40:12 / Allies) LemmeSmellYoDic: lets go
(40:12 / Allies) LemmeSmellYoDic: now
(41:03 / Allies) GobinersElf: lolllll
(41:05 / Allies) GobinersElf: fucking owned
(41:12 / All) Gobiner: so wat u need to do is lemme smell yo dick
(41:34 / Allies) LemmeSmellYoDic: meet ehre nubiner
(41:45 / Allies) GobinersElf: wish we had brilliance aura t b q h
(41:55 / Allies) Gobiner: owned
(42:01 / Allies) LemmeSmellYoDic: ?
(42:21 / Allies) LemmeSmellYoDic: lets rape ud again
(42:25 / Allies) GobinersElf: yah
(42:28 / Allies) GobinersElf: still not healed up
(42:31 / Allies) LemmeSmellYoDic: meet
(42:38 / Allies) GobinersElf: tt
(42:42 / Allies) GobinersElf: all are there
(42:44 / Allies) LemmeSmellYoDic: urgggh
(44:01 / Allies) GobinersElf: fuck that
(44:02 / Allies) LemmeSmellYoDic: y would u do that
(44:23 / All) dark_gorillaz-: so yeah what a waste of time u and ur nub strats
(44:28 / Allies) LemmeSmellYoDic: lets fight him with hawks
(44:30 / All) Gobiner: why don't you leave about it
(44:35 / Allies) LemmeSmellYoDic: and 5 heroes
(44:37 / All) dark_gorillaz-: why dont u?
(44:39 / All) cBs.Ryder: when we gonna win
(44:41 / All) cBs.Ryder: why leave
(44:42 / All) Gobiner: I'm happy with this game
(44:47 / All) Gobiner: you're the whiner
(45:02 / All) dark_gorillaz-: just keep kiding
(45:07 / Allies) LemmeSmellYoDic: GOB
(45:11 / All) dark_gorillaz-: hiding*
(45:58 / Allies) LemmeSmellYoDic: imo
(46:05 / Allies) GobinersElf: how much to revive gabiner
(46:10 / Allies) Gobiner: ?
(46:18 / Allies) LemmeSmellYoDic: im reviving
(46:18 / Allies) GobinersElf: oh it wasnt kunt
(46:19 / Allies) GobinersElf: was
(46:52 / Allies) GobinersElf: a shade
(47:00 / Allies) GobinersElf: ill bolt
(47:54 / Allies) GobinersElf: they dont seem to be scouting this anymore
(48:03 / Allies) GobinersElf: cant scan again yet
(48:28 / Allies) GobinersElf: no shade or anything
(48:35 / Allies) GobinersElf: you could put down a mini hall
(48:47 / Allies) GobinersElf: i killed it
(48:50 / Allies) GobinersElf: dont know if theres another
(48:53 / Allies) LemmeSmellYoDic: they about to go tghere i bet
(48:56 / Allies) LemmeSmellYoDic: their expo is about up
(49:00 / Allies) LemmeSmellYoDic: time to move whole base
(49:04 / Allies) LemmeSmellYoDic: gg elf thanks blizz
(49:08 / Allies) GobinersElf: take out wells again ofc
(49:47 / Allies) GobinersElf: tt lost all but 3 peasants
(49:53 / Allies) GobinersElf: there it goes
(49:56 / Allies) GobinersElf: where to move?????
(50:13 / Allies) GobinersElf: uprooted
(50:19 / Allies) GobinersElf: not moving yet
(50:38 / Allies) LemmeSmellYoDic: scan again
(50:40 / Allies) LemmeSmellYoDic: where be the wisps
(51:13 / Allies) LemmeSmellYoDic: aoe the shit outta wells
(51:25 / Allies) GobinersElf: take them before he can make more wisps i guess
(51:33 / Allies) LemmeSmellYoDic: im b
(51:51 / Allies) GobinersElf: they are staying there
(52:03 / Allies) LemmeSmellYoDic: where are wisps
(52:14 / Allies) GobinersElf: most were dead
(52:47 / Allies) GobinersElf: oh woot
(53:14 / Allies) GobinersElf: def go for it kunt
(53:27 / Allies) GobinersElf: and imo lets do a fiend harrass again
(53:28 / All) LemmeSmellYoDic: lemme smell yo dick
(53:31 / Allies) LemmeSmellYoDic: aye
(53:47 / Allies) LemmeSmellYoDic: i only got enough mana for 1 cast of each
(55:13 / Allies) GobinersElf: faggot has no wells and no wisps
(55:15 / All) LemmeSmellYoDic: yeah ur def gonna win
(55:23 / All) LemmeSmellYoDic: all that no income
(55:24 / All) GobinersElf: i find mines work best when you have workers
(55:33 / All) LemmeSmellYoDic: perhaps u should make more wells
(55:34 / All) GobinersElf: pity you're a nub and lost them
(55:42 / All) dark_gorillaz-: stfu hide more
(55:44 / Allies) LemmeSmellYoDic: not in ud base
(55:44 / All) cBs.Ryder: u couldnt solo any of us and win
(55:45 / All) dark_gorillaz-: caus eu cant micro
(55:46 / Allies) LemmeSmellYoDic: ?
(55:49 / All) cBs.Ryder: hide behind ur towers
(55:52 / All) LemmeSmellYoDic: ???
(55:55 / All) GobinersElf: i could 1 v 3 all of you because you're awful
(55:57 / All) Gobiner: hide behind ur loss LOL
(55:59 / All) cBs.Ryder: play us in a tour and u wun out of time
(56:00 / All) dark_gorillaz-: LOL
(56:01 / All) dark_gorillaz-: sure
(56:05 / All) LemmeSmellYoDic: in a tour
(56:08 / All) dark_gorillaz-: all u do is tower
(56:14 / All) Gobiner: wrong
(56:18 / All) dark_gorillaz-: fob more noobs
(56:18 / Allies) LemmeSmellYoDic: gg
(56:20 / All) Gobiner: sometimes I suck dicks too
(56:28 / All) LemmeSmellYoDic: hey
(56:29 / All) Gobiner: gotta shake it up
(56:30 / All) GobinersElf: ps you lost entire armies to a few heroes
(56:31 / All) LemmeSmellYoDic: lemme smell yo dick
(56:33 / All) Gobiner: variety is the spice of life
(56:45 / Allies) GobinersElf: slow aow that tree down?
(56:50 / Allies) LemmeSmellYoDic: jk
(56:51 / All) cBs.Ryder: all with big damage moves
(56:55 / All) cBs.Ryder: funny how that works eh
(57:01 / All) GobinersElf: BIG DAMAGE MOVES
(57:03 / All) Gobiner: funny how you lose to towers andheroes
(57:04 / All) LemmeSmellYoDic: big
(57:05 / Allies) LemmeSmellYoDic: sausage
(57:08 / All) LemmeSmellYoDic: sauage
(57:12 / All) cBs.Ryder: bad map for it
(57:14 / All) LemmeSmellYoDic: pizze
(57:18 / All) cBs.Ryder: wanna try this on a diff map?
(57:20 / All) GobinersElf: bad players for it
(57:22 / All) LemmeSmellYoDic: this is our worst map
(57:33 / All) cBs.Ryder: best map for ur trash strat
(57:48 / All) LemmeSmellYoDic: worst map tbqh
(58:01 / All) LemmeSmellYoDic: u have free expos
(58:05 / All) LemmeSmellYoDic: u even got 3 instead of 2
(58:07 / All) LemmeSmellYoDic: and still lost nub
(58:11 / All) cBs.Ryder: stfu trash
(58:40 / All) LemmeSmellYoDic: lmao
(58:41 / All) LemmeSmellYoDic: bye noobs
(58:42 / All) LemmeSmellYoDic: 2ez
(58:52 / Allies) GobinersElf: go kill imo
(59:02 / All) dark_gorillaz-: easy yet it took u an hour
(59:07 / All) Gobiner: yes
(59:07 / All) LemmeSmellYoDic: no effort
(59:08 / All) Gobiner: ez
(59:15 / All) GobinersElf: towers are good for quick wins
(59:19 / All) dark_gorillaz-: w/e
(59:20 / All) LemmeSmellYoDic: work is force over distance
(59:20 / All) dark_gorillaz-: noob
(59:25 / All) LemmeSmellYoDic: we did no force because ur all noobs
(59:33 / All) dark_gorillaz-: ok 50%er
(59:42 / All) GobinersElf: 1v1 noob?
(59:47 / All) dark_gorillaz-: yes
(59:49 / Allies) GobinersElf: you big fags
(59:54 / Allies) LemmeSmellYoDic: gg
(59:58 / Allies) LemmeSmellYoDic: blaming ally
(60:07 / All) LemmeSmellYoDic: 50% er?
(60:11 / All) LemmeSmellYoDic: im 100% noob
(60:18 / All) LemmeSmellYoDic: still going to be after playing u scrubs too
(60:18 / Allies) GobinersElf: ok we should prob. stop losing heroes about now
(60:19 / All) dark_gorillaz-: with less than 10 wins
(60:22 / All) Gobiner: my serious account is 75%
(60:23 / All) LemmeSmellYoDic: 100-0 nub
(60:26 / All) dark_gorillaz-: LOL sure
(60:29 / All) dark_gorillaz-: ok?
(60:31 / All) Gobiner: ChiefSitsOnDix
(60:32 / All) dark_gorillaz-: my main is 82%
(60:34 / All) Gobiner: is my serious account
(60:38 / All) LemmeSmellYoDic: im at like 70% after 250 games on anouther acc nub lmao
(60:39 / All) GobinersElf: 82% gay
(60:40 / All) dark_gorillaz-: ok?
(60:41 / All) Gobiner: google it bitches
(60:54 / Allies) GobinersElf: what was my pro account like 35-3
(60:59 / Allies) LemmeSmellYoDic: ya
(61:01 / Allies) GobinersElf: not nearly as pro since those 3 losses
(61:12 / Allies) GobinersElf: ballsinmymouth?
(61:14 / Allies) GobinersElf: was that it
(61:15 / Allies) LemmeSmellYoDic: ya
(61:30 / All) GobinersElf: ballsinmymouth like 35-3 destroying nubs like you with the same shit
(61:33 / Allies) LemmeSmellYoDic: lets kill some shit
(61:35 / All) GobinersElf: you're all pathetic nubs
(61:53 / Allies) GobinersElf: lich
(62:23 / All) LemmeSmellYoDic: thanks for the 3k gold there fyi
(62:27 / Allies) LemmeSmellYoDic: out
(62:42 / All) Gobiner: hey how are you guys going to win
(62:43 / Allies) GobinersElf: dk has not enough for a coil
(62:46 / Allies) GobinersElf: nearly though
(62:47 / All) Gobiner: do you have a plan or something
(62:59 / All) GobinersElf: oh let me guess you are going to mkae this game take FOREVER
(63:03 / All) GobinersElf: OH GOD HOW HORRIBLE
(63:04 / All) HmMoKU: es
(63:06 / All) HmMoKU: yeah
(63:10 / All) HmMoKU: mos wel
(63:10 / All) LemmeSmellYoDic: oh shit
(63:12 / All) LemmeSmellYoDic: i hate long games
(63:15 / All) HmMoKU: i might jst afk
(63:16 / All) LemmeSmellYoDic: GOSH DARN YOU
(63:18 / All) GobinersElf: by forever you mean maybe 20 minutes longer
(63:26 / All) HmMoKU: u guy sooo pro
(63:28 / All) HmMoKU: i mean
(63:31 / All) HmMoKU: mass tower
(63:32 / All) HmMoKU: woah
(63:35 / All) LemmeSmellYoDic: i mean
(63:37 / All) GobinersElf: you lost to it
(63:38 / All) Gobiner: garg feed whoa
(63:38 / All) LemmeSmellYoDic: +1 loss
(63:39 / All) LemmeSmellYoDic: woah
(63:43 / All) HmMoKU: smurf
(63:45 / All) HmMoKU: i don care
(63:48 / All) LemmeSmellYoDic: haha 4 crypt to fiends hahahahahah
(63:52 / All) dark_gorillaz-: u say garg feed yet we didnt make 1 garg
(63:55 / All) dark_gorillaz-: stfu
(64:01 / All) LemmeSmellYoDic: cause ur dumb and changed strat
(64:02 / All) Gobiner: fiend feed is much better
(64:29 / Allies) GobinersElf: terrible
(64:31 / Allies) LemmeSmellYoDic: ugh
(64:33 / Allies) LemmeSmellYoDic: ne might b
(64:37 / All) dark_gorillaz-: noob
(64:42 / All) dark_gorillaz-: miss more wave
(64:46 / All) LemmeSmellYoDic: hahahhaha
(64:48 / All) GobinersElf: lose more game
(64:50 / All) LemmeSmellYoDic: LOL
(64:52 / All) Gobiner: hey why don't you tell us all about your loss
(65:17 / Allies) Gobiner: ugh
(65:19 / Allies) Gobiner: terrible
(65:25 / All) GobinersElf: what faggot clan are you going to go to complain about how you lost to tower massers after this?
(65:36 / All) dark_gorillaz-: we dont complain
(65:38 / All) LemmeSmellYoDic: probobly LRA
(65:43 / All) LemmeSmellYoDic: they seem bad enough to be in lra
(65:47 / All) dark_gorillaz-: LOL
(65:48 / All) GobinersElf: hahaha
(65:52 / All) dark_gorillaz-: we r not in lra u fuckers
(66:02 / All) LemmeSmellYoDic: 10-1 they are lmao
(66:14 / All) Gobiner: I wouldn't bet against it
(66:14 / All) dark_gorillaz-: ?
(66:36 / Allies) GobinersElf: gold me a lil
(66:47 / Allies) GobinersElf: thats good
(67:04 / All) dark_gorillaz-: yeah ur a 47% noob
(67:06 / All) dark_gorillaz-: stfu
(67:11 / All) Gobiner: 2ez
(67:12 / All) GobinersElf: what channel faggots?
(67:13 / All) Gobiner: nubs
(67:15 / All) dark_gorillaz-: yeah lets go 1v1
(67:15 / All) LemmeSmellYoDic: hahahhahahaha
(67:23 / All) dark_gorillaz-: 1v1
(67:27 / All) LemmeSmellYoDic: u actually had a friend look @ his account as if it was his real one lmao
(67:31 / Allies) LemmeSmellYoDic: 2ez nub
(67:32 / All) LemmeSmellYoDic: 2ez nub
(67:34 / All) LemmeSmellYoDic: fukken owned
(67:36 / All) dark_gorillaz-: 1v1?
(67:39 / All) GobinersElf: yeah nub
(67:41 / All) LemmeSmellYoDic: haha anytime scrub
(67:41 / All) dark_gorillaz-: ok
(67:43 / All) GobinersElf: we have already said that
(67:45 / All) dark_gorillaz-: come to clan ani